 Dungeon Crawl Stone Soup version 0.28-a0-1038-g9c4cb8273d (webtiles) character file.

Game seed: 10889269311155998687

107 garbled the Shield-Bearer (level 4, -1/24 HPs)
             Began as a Vine Stalker Fighter on Dec 8, 2021.
             Killed by nerve-wracking pain
             ... invoked by an orc priest
              (9 damage)
             ... on level 3 of the Dungeon.
             The game lasted 00:04:39 (1974 turns).

garbled the Shield-Bearer (Vine Stalker Fighter)    Turns: 1974, Time: 00:04:39

Health: -1/24      AC:  6    Str: 18    XL:     4   Next: 85%
Magic:  0/7        EV:  9    Int: 10    God:
Gold:   38         SH:  5    Dex: 14    Spells: 5/5 levels left

rFire   . . .      SeeInvis .   j - +0 war axe (flame)
rCold   . . .      Faith    .   c - +0 buckler
rNeg    . . .      Spirit   +   b - +0 scale mail
rPois   .          Reflect  .   (no helmet)
rElec   .          Harm     .   (no cloak)
rCorr   .          Rampage  .   (no gloves)
Will    .....                   (no boots)
Stlth   ..........              (no amulet)
HPRegen 0.88/turn               (no ring)
MPRegen 0.10/turn               (no ring)

@: mighty
A: fangs 2, regeneration 1, magic shield, antimagic bite, no potion heal 2
a: no special abilities


You were on level 3 of the Dungeon.
You visited 1 branch of the dungeon, and saw 3 of its levels.

You collected 38 gold pieces.

Inventory:

Hand Weapons
 j - a +0 war axe of flaming (weapon)
Missiles
 f - 35 stones (quivered)
 o - 2 atropa-tipped darts
Armour
 b - a +0 scale mail (worn)
 c - a +0 buckler (worn)
Scrolls
 a - a scroll of brand weapon {unknown}
 g - 3 scrolls of fear {unknown}
 l - a scroll of enchant weapon {unknown}
 n - a scroll of immolation {unknown}
 p - a scroll of vulnerability {unknown}
 r - a scroll of identify
Potions
 e - a potion of degeneration {unknown}
 h - a potion of lignification {unknown}
 i - a potion of curing
 k - a potion of heal wounds {unknown}
 m - a potion of resistance {unknown}
 q - a potion of cancellation {unknown}


   Skills:
 + Level 3.1 Fighting
 * Level 2.9 Axes
 + Level 2.8 Armour
 + Level 3.1 Shields
 + Level 1.3 Spellcasting


You had 5 spell levels left.
You didn't know any spells.
Your spell library contained the following spells:

 Spells                   Type           Power      Damage    Failure   Level
 Magic Dart               Conj           0%         1d3       75%         1
 Searing Ray              Conj           0%         2d4       87%         2
 Summon Guardian Golem    Hex/Summ       0%         N/A       98%         3
 Fulminant Prism          Conj/Hex       0%         3d6       100%        4
 Orb of Destruction       Conj           0%         N/A       100%        7
 Spellforged Servitor     Conj/Summ      0%         N/A       100%        7


Dungeon Overview and Level Annotations

Branches:
Dungeon (3/15)

Altars:

Shops:
D:1 ([!*

Annotations:
D:3 Grinder


Innate Abilities, Weirdness & Mutations

You have extremely sharp teeth.
Your natural rate of healing is unusually fast.
When hurt, damage is shared between your health and your magic reserves.
Your bite disrupts and absorbs the magic of your enemies.
Potions cannot restore your health.


Message History

You block Grinder's attack.
You hit Grinder. You burn Grinder.
Grinder is moderately wounded.
Grinder barely misses you.
The orc priest miscasts a cantrip.
Grinder hits you.
You barely miss Grinder.
Grinder is moderately wounded.
Grinder barely misses you.
You hit Grinder. You burn Grinder.
Grinder is moderately wounded.
The orc priest looks encouraged for a moment.
Grinder barely misses you.
The orc priest invokes the aid of Beogh against you.
Beogh smites you!
You hear a shout!
You feel very mighty all of a sudden. Grinder hits you!
* * * LOW HITPOINT WARNING * * *
You writhe in agony.
* * * LOW HITPOINT WARNING * * *
The orc priest looks encouraged for a moment.
You have no ailments to cure.
You hit Grinder. You burn Grinder.
Grinder is heavily wounded.
Grinder closely misses you. Grinder misses you.
You slash Grinder! You burn Grinder. Your bite misses Grinder.
Grinder is severely wounded.
An orc comes into view. It is wielding a +0 mace.
Grinder blinks!
The orc moves out of view.
An orc comes into view. It is wielding a +0 whip.
The orc shouts!
You hear a shout!
The orc closely misses you. You block the orc priest's attack.
The orc moves out of view.
You slash the orc! You burn the orc.
You kill the orc!
You completely miss the orc priest.
The orc priest invokes the aid of Beogh against you.
Pain shoots through your body!
You die...

.... ## ....
##8### .....
....##.....
...#......
5.o......
#oo.o....
#@## #..#
##)# ####)#
#....#
#....)..#
####.#......
#.....#######
........g)<.#


You could see Grinder, 2 orc priests and 2 orcs.

Vanquished Creatures
  4 gnolls
  An adder (D:3)
  2 worms (D:2)
  5 orcs (D:3)
  2 bats (D:1)
  3 endoplasms
  7 giant cockroaches
  3 goblins
  3 hobgoblins
  4 jackals (D:1)
  7 ball pythons
  3 frilled lizards
  2 kobolds (D:2)
  2 rats (D:2)
48 creatures vanquished.

Notes
Turn   | Place    | Note
-------+----------+-------------------------------------------
     0 | D:1      | garbled the Vine Stalker Fighter began the quest for the
                  | Orb.
     0 | D:1      | Reached XP level 1. HP: 11/11 MP: 2/2
   142 | D:1      | Found Kaczuopa's Distillery.
   149 | D:1      | Reached XP level 2. HP: 16/16 MP: 3/3
   190 | D:1      | Found Ikhliug's Armour Shop.
   195 | D:1      | Found Ceptyel's Assorted Antiques.
   811 | D:1      | Found Laowaz's Weapon Emporium.
   815 | D:1      | Reached XP level 3. HP: 19/19 MP: 3/5
  1161 | D:2      | Found a faded altar of an unknown god.
  1517 | D:2      | Reached skill level 1 in Spellcasting
  1792 | D:3      | Gained mutation: Your natural rate of healing is unusually
                  | fast. [Vine Stalker growth]
  1792 | D:3      | Reached XP level 4. HP: 13/24 MP: 4/6
  1960 | D:3      | Noticed Grinder
  1974 | D:3      | Killed from afar by an orc priest

Illustrated notes

Levels and vault maps discovered:
D:1:      dpeg_arrival_lava_altar, layout_basic, serial_shops, shop_fountains,
          shop, nicolae_shop_statue_plus, nicolae_shop_overgrown_old_shop
D:2:      layout_loops_cross, shapermc_ecumenical_altar_starsandcircs
D:3:      layout_rooms, serial_corexii_hall, corexii_hall_statues_s,
          chequers_hall_statues_wall_a, uniq_grinder

Skill      XL: |  1  2  3 |
---------------+----------+-----
Axes           | 2 |  2.9
Shields        | 3 |  3.1
Spellcasting   | 1 |  1.3
Fighting       | 3 |  3.1
Armour         | |  2.8

Action                   |  1- 3 |  4- 6 || total
-------------------------+-------+-------++-------
Melee: War axe           |    74 |    35 ||   109
       Bite              |     9 |     7 ||    16
  Use: Scroll            |     1 |       ||     1
       Potion            |       |     1 ||     1
Armor: Scale mail        |    33 |     9 ||    42
Dodge: Dodged            |    26 |    26 ||    52
Block: Buckler           |    18 |    17 ||    35

Table legend: (Time is in decaauts)
 A = Elapsed time spent in this place.
 B = Non-inter-level travel time spent in this place.
 C = Inter-level travel time spent in this place.
 D = Time resting spent in this place.
 E = Time spent auto-exploring this place.
 F = Levels seen in this place.
 G = Mean time per level.
                   A        B        C        D        E       F      G
               +--------+--------+--------+--------+--------+-----+--------+
         Total |   2018 |   1918 |    100 |     39 |   1517 |   3 |  672.7 |
       Dungeon |   2018 |   1918 |    100 |     39 |   1517 |   3 |  672.7 |
               +--------+--------+--------+--------+--------+-----+--------+

Top non-repeatable levels by time:
     D:1: 980 daAuts
     D:2: 934 daAuts
     D:3: 104 daAuts
